 Dungeon Crawl Stone Soup version 0.24.0-125-gc4c63601f3 (webtiles) character file.

Game seed: 15530372372382113756, levelgen mode: deterministic

91 BuffBuff the Chopper (level 4, -2/40 HPs)
             Began as a Minotaur Berserker on Mar 19, 2020.
             Was a Follower of Trog.
             Slain by an iguana (11 damage)
             ... on level 4 of the Dungeon.
             The game lasted 00:02:45 (895 turns).

BuffBuff the Chopper (Minotaur Berserker)            Turns: 895, Time: 00:02:45

Health: -2/40      AC:  2    Str: 23    XL:     4   Next: 34%
Magic:  3/3        EV: 12    Int:  4    God:    Trog [*.....]
Gold:   105        SH:  0    Dex:  9    Spells: 3/3 levels left

rFire    . . .     SeeInvis .   a - +0 hand axe
rCold    . . .     Gourm    .   (no shield)
rNeg     . . .     Faith    .   b - +0 animal skin
rPois    .         Spirit   .   (helmet restricted)
rElec    .         Reflect  .   f - scarf {repulsion}
rCorr    .         Harm     .   (no gloves)
MR       .....                  (no boots)
Stlth    +.........             (no amulet)
HPRegen  0.13/turn              (no ring)
MPRegen  0.08/turn              (no ring)

@: lethally poisoned (-2 -> -9), repel missiles
A: retaliatory headbutt, horns 2
a: Berserk, Renounce Religion


You were on level 4 of the Dungeon.
You worshipped Trog.
Trog was aware of your devotion.
You were not hungry.

You visited 1 branch of the dungeon, and saw 3 of its levels.

You collected 105 gold pieces.

Inventory:

Hand Weapons
 a - a +0 hand axe (weapon)
Armour
 b - a +0 animal skin (worn)
 f - a scarf of repulsion (worn)
Scrolls
 d - 2 scrolls of remove curse {unknown}
 e - 4 scrolls of identify {unknown}
 g - a scroll of enchant armour {unknown}
 i - a scroll of teleportation {unknown}
Potions
 h - a potion of brilliance {unknown}
Comestibles
 c - 6 rations
 j - a chunk of flesh


   Skills:
 + Level 4.2 Fighting
 * Level 4.9 Axes
 + Level 3.3 Armour
 + Level 3.0 Dodging


You had 3 spell levels left.
You didn't know any spells.
Your spell library was empty.

Dungeon Overview and Level Annotations

Branches:
Dungeon (2/15)

Altars:


Innate Abilities, Weirdness & Mutations

You reflexively headbutt those who attack you in melee.
You have a pair of horns on your head.


Message History

You closely miss the worker ant.
The worker ant is heavily wounded.
You barely miss the iguana. The worker ant misses you. The iguana bites you.
The worker ant bites you.
* * * LOW HITPOINT WARNING * * *
You are more poisoned.
The worker ant poisons you!
You hit the worker ant.
The worker ant is severely wounded.
You hit the iguana.
You feel sick. The iguana completely misses you. You furiously retaliate!
You headbutt the iguana. The worker ant completely misses you.
You furiously retaliate!
You headbutt the worker ant.
You kill the worker ant!
Trog accepts your kill.
Your Dodging skill increases to level 3!
You closely miss the iguana.
The iguana is lightly wounded.
You feel sick. The iguana bites you!
You die...

#........#
(.......#
....%...#
.......##
.........
##########......#
#........#††....#
#........#@l....#
#...≈≈...#......#
#..≈≈≈≈..'......#
#..≈≈≈≈..'.######
#...≈≈.[.###
#........#
#........#
##########


You could see an iguana.

Vanquished Creatures
  2 worker ants (D:4)
  2 adders (D:4)
  2 leopard geckos (D:1)
  A ball python (D:1)
  A bat (D:1)
  A giant cockroach (D:4)
  5 goblins (D:1)
  A hobgoblin (D:1)
  2 jackals (D:1)
  6 kobolds
23 creatures vanquished.

Notes
Turn   | Place    | Note
-------+----------+-------------------------------------------
     0 | D:1      | BuffBuff the Minotaur Berserker began the quest for the
                  | Orb.
     0 | D:1      | Reached XP level 1. HP: 19/19 MP: 0/0
    94 | D:1      | Reached XP level 2. HP: 21/27 MP: 1/1
   768 | D:2      | You fall into a shaft and drop 2 floors!
   777 | D:4      | Reached XP level 3. HP: 27/33 MP: 2/2
   891 | D:4      | Reached XP level 4. HP: 31/40 MP: 3/3
   895 | D:4      | Slain by an iguana

Levels and vault maps discovered:
D:1:      wander_arrival_fairy_ring, layout_basic
D:2:      layout_loops_ring, uniq_terence
D:4:      layout_basic, eat_drink_and_be_merry_uskayaw, first_ration,
          biasface_ghost_orc_armoury, serial_shops,
          nicolae_shop_competitors_out_of_business, kennysheep_generic_room_6

Skill      XL: |  1  2  3  4 |
---------------+-------------+-----
Axes           | 4 |  4.9
Fighting       | 4 |  4.2
Armour         | 3 |  3.3
Dodging        | 3 |  3.0

Action                   |  1- 3 |  4- 6 || total
-------------------------+-------+-------++-------
Melee: Hand axe          |    51 |     4 ||    55
       Headbutt          |     6 |       ||     6
Armor: Animal skin       |     8 |       ||     8
Dodge: Dodged            |    30 |     4 ||    34
